cohdb
Replays
Latest Replays
All Replays
Popular Replays
Top Player Replays
Match Explorer
How It Works
Community
CoH3 Stats
Reddit
Sign in to upload your games and track your stats! →
Sign in with Steam
Match 38465212
Unlisted
Match 38465212
Overview
Messages
Build Orders
End
Selects Indian Artillery Battlegroup
Construct Section Command Post
Infantry Section
Royal Engineer Section
Infantry Section
Infantry Section
Construct Platoon Command Post
Selects War Cry
Selects Gurkha Rifles Section
Gurkha Rifles Section
Infantry Training
Construct Company Command Post
Selects Towed ML 4.2-inch Heavy Mortar
Foot Guards Section
Selects Off-map Airburst Barrage
Towed ML 4.2-inch Heavy Mortar
Selects Off-map Airburst Barrage
Selects Off-map Airburst Barrage
Unlock M3 Grant Medium Tanks
M3 Grant Medium Tank
Off-map Airburst Barrage
M3 Grant Medium Tank
Off-map Airburst Barrage
M3 Grant Medium Tank
Off-map Airburst Barrage
Selects Volunteer Infantry
M3 Grant Medium Tank
Off-map Airburst Barrage
M3 Grant Medium Tank
Gurkha Rifles Section
Off-map Airburst Barrage
SneaKerz
gb_gbg
Vhalior
Humiyuppie
Frusttiger
Beast from the East
0
0
Comments
sign in to comment!
No comments posted yet!